 Dungeon Crawl Stone Soup version 0.25.1-2-g60ff931df9 (webtiles) character file.

Game seed: 3528293538208856845

186026 gruber the Warlock (level 18, -16/138 HPs)
             Began as a Gnoll Ice Elementalist on Oct 11, 2020.
             Was a High Priest of Vehumet.
             Demolished by a freezing wraith (22 damage)
             ... on level 1 of the Shoals on Oct 12, 2020.
             The game lasted 01:07:00 (37781 turns).

gruber the Warlock (Gnoll Ice Elementalist)        Turns: 37781, Time: 01:07:00

Health: -16/138    AC: 15    Str: 13    XL:     18   Next: 46%
Magic:  2/34       EV: 21    Int: 21    God:    Vehumet [*****.]
Gold:   2426       SH:  7    Dex: 16    Spells: 13/41 levels left

rFire    . . .     SeeInvis .   J - +6 long sword of Woe {pain, rPois}
rCold    . . .     Gourm    .   v - +0 buckler
rNeg     + . .     Faith    .   S - +1 robe {Archmagi}
rPois    +         Spirit   .   V - +1 hat of Ethics {Slay+2}
rElec    .         Reflect  .   p - +0 cloak
rCorr    .         Harm     .   E - +0 pair of gloves of Haunted Miracles {+Fly rN+ Int-2 Slay+2}
MR       +....                  G - +2 pair of boots
Stlth    +++++.....             O - amulet of regeneration
HPRegen  0.73/turn              D - ring of poison resistance
MPRegen  0.24/turn              u - +4 ring of protection

@: slowed, very slow
A: distributed training, fangs 1, strong nose
a: Renounce Religion, Evoke Flight


You were on level 1 of the Shoals.
You worshipped Vehumet.
Vehumet was extremely pleased with you.
You were very hungry.

You visited 6 branches of the dungeon, and saw 29 of its levels.
You also visited: Volcano.

You collected 2927 gold pieces.
You spent 501 gold pieces at shops.

Inventory:

Hand Weapons
 t - a +2 fustibalus of flaming
 J - the +6 long sword of Woe (weapon) {pain, rPois}
   (You found it on level 5 of the Lair of Beasts)

   In the hands of one skilled in necromantic magic, it inflicts extra damage on
   living creatures.
   It protects you from poison.
Missiles
 o - 345 stones (quivered)
 y - 213 sling bullets
Armour
 p - a +0 cloak (worn)
 v - a +0 buckler (worn)
 E - the +0 pair of gloves of Haunted Miracles (worn) {+Fly rN+ Int-2 Slay+2}
   (You acquired it on level 4 of the Spider Nest)

   It affects your intelligence (-2).
   It affects your accuracy and damage with ranged weapons and melee attacks
   (+2).
   It protects you from negative energy.
   It lets you fly.
 G - a +2 pair of boots (worn)
 S - a +1 robe of the Archmagi (worn)
 V - the +1 hat of Ethics (worn) {Slay+2}
   (You found it on level 6 of the Lair of Beasts)

   It affects your accuracy and damage with ranged weapons and melee attacks
   (+2).
Jewellery
 b - an uncursed ring of protection from magic
 q - an uncursed ring of resist corrosion
 u - a +4 ring of protection (right hand)
 x - an uncursed ring of see invisible
 C - an uncursed ring of protection from fire
 D - a ring of poison resistance (left hand)
 O - an amulet of regeneration (around neck)
Wands
 e - a wand of iceblast (21)
 z - a wand of paralysis (10)
 P - a wand of flame (29)
 R - a wand of digging (5)
 X - a wand of acid (9)
 Y - a wand of disintegration (9)
Scrolls
 a - a scroll of fog
 d - a scroll of silence {unknown}
 i - 10 scrolls of teleportation
 j - 5 scrolls of remove curse
 l - 10 scrolls of blinking
 w - 4 scrolls of enchant weapon
 A - 3 scrolls of enchant armour {unknown}
 B - 6 scrolls of fear {unknown}
 F - a scroll of identify
 M - 2 scrolls of immolation
 T - 4 scrolls of amnesia
 U - 2 scrolls of magic mapping
 Z - 2 scrolls of brand weapon
Potions
 f - 4 potions of flight
 g - 2 potions of berserk rage
 h - 2 potions of magic
 k - 9 potions of curing
 m - 5 potions of resistance
 n - a potion of stabbing
 r - 2 potions of lignification
 s - 2 potions of cancellation
 H - 2 potions of invisibility
 K - 7 potions of haste
 L - 4 potions of heal wounds
 Q - 2 potions of brilliance
Comestibles
 c - 45 rations
 I - a chunk of flesh


   Skills:
 + Level 11.5 Fighting
 + Level 11.5 Short Blades
 + Level 11.5 Long Blades
 + Level 11.5 Axes
 + Level 11.5 Maces & Flails
 + Level 11.5 Polearms
 + Level 11.5 Staves
 + Level 11.5 Slings
 + Level 11.5 Bows
 + Level 11.5 Crossbows
 + Level 11.5 Throwing
 + Level 11.5 Armour
 + Level 12.3 Dodging
 + Level 12.2 Stealth
 + Level 11.5 Shields
 + Level 11.5 Unarmed Combat
 + Level 12.4 Spellcasting
 + Level 9.8 Conjurations
 + Level 9.8 Hexes
 + Level 9.8 Charms
 + Level 9.8 Summonings
 + Level 9.8 Necromancy
 + Level 9.8 Translocations
 + Level 9.8 Transmutations
 + Level 9.8 Fire Magic
 + Level 11.9 Ice Magic
 + Level 9.8 Air Magic
 + Level 9.8 Earth Magic
 + Level 9.8 Poison Magic
 + Level 12.4 Invocations
 + Level 11.5 Evocations


You had 13 spell levels left.
You knew the following spells:

 Your Spells              Type           Power        Failure   Level  Hunger
a - Freeze                Ice            ####         1%          1    None
b - Frozen Ramparts       Ice            ######       1%          3    None
c - Blink                 Tloc           N/A          1%          2    None
d - Summon Ice Beast      Ice/Summ       ######..     1%          4    None
e - Mephitic Cloud        Conj/Pois/Air  ######..     1%          3    None
f - Stone Arrow           Conj/Erth      ######       1%          3    None
g - Freezing Cloud        Conj/Ice/Air   ######....   2%          6    #####..
h - Iron Shot             Conj/Erth      ######....   3%          6    #####..

Your spell library contained the following spells:

 Spells                   Type           Power        Failure   Level  Hunger
 Conjure Ball Lightning   Conj/Air       ######....   3%          6    #####..
 Animate Skeleton         Necr           N/A          1%          1    None
 Beastly Appendage        Tmut           ######       1%          1    None
 Infusion                 Chrm           ####         1%          1    None
 Magic Dart               Conj           ####         1%          1    None
 Pain                     Necr           ####         1%          1    None
 Sandblast                Erth           ######       1%          1    None
 Call Imp                 Summ           ######..     1%          2    None
 Passwall                 Tmut/Erth      ######..     1%          2    None
 Searing Ray              Conj           ######       1%          2    None
 Shroud of Golubria       Chrm/Tloc      ######       1%          2    None
 Slow                     Hex            ######..     1%          2    None
 Song of Slaying          Chrm           ######..     1%          2    None
 Sticks to Snakes         Tmut           ######..     1%          2    None
 Conjure Flame            Conj/Fire      ######..     1%          3    None
 Dazzling Flash           Conj/Hex       ######       1%          3    None
 Ignite Poison            Fire/Tmut/Pois ######..     1%          3    None
 Ozocubu's Armour         Chrm/Ice       ######..     1%          3    None
 Spectral Weapon          Hex/Chrm       ######..     1%          3    None
 Spider Form              Tmut/Pois      ######....   1%          3    None
 Vampiric Draining        Necr           ######....   1%          3    None
 Animate Dead             Necr           N/A          1%          4    None
 Fulminant Prism          Conj/Hex       ######....   1%          4    None
 Hailstorm                Conj/Ice       ######..     1%          4    None
 Ice Form                 Ice/Tmut       ######..     1%          4    None
 Iskenderun's Mystic Bla  Conj/Tloc      ######..     1%          4    None
 Petrify                  Tmut/Erth      ######..     1%          4    None
 Fireball                 Conj/Fire      ######....   1%          5    ####...
 Lee's Rapid Deconstruct  Erth           ######....   1%          5    ####...
 Agony                    Necr           ######..     2%          5    ####...
 Blade Hands              Tmut           ######....   2%          5    ####...
 Starburst                Conj/Fire      ######....   3%          6    #####..
 Ring of Flames           Chrm/Fire      ######....   58%         7    #######
 Ignition                 Fire           ######....   78%         8    #######


Dungeon Overview and Level Annotations

Branches:
Dungeon (15/15)            Temple (1/1) D:7            Lair (6/6) D:11
 Shoals (1/4) Lair:4       Spider (4/4) Lair:4        Slime (0/5) Lair:5
    Orc (2/2) D:9             Elf (0/3) Orc:2        Vaults (0/5) D:14
 Depths (0/5) D:15        Volcano (visited)

Altars:
Cheibriados
Elyvilon
Fedhas
Gozag
Hepliaklqana
Kikubaaqudgha
Makhleb
Nemelex Xobeh
Qazlal
Ru
Sif Muna
Uskayaw
Vehumet
Wu Jian
Xom
Yredelemnul
Zin
The Shining One
Beogh
Jiyva

Shops:
D:6 =   Orc:1 (   Orc:2 *[:?

Portals:
Ice
Cave: Shoals:1

Annotations:
D:3 2 transporters
D:7 2 transporters, MajorAdolf's ghost, novice NaWn
D:12 1 runed translucent door
Lair:5 exclusion: 2 oklob plants


Innate Abilities, Weirdness & Mutations

Your experience applies equally to all skills.
You have very sharp teeth.
Your uncanny sense of smell can sniff out nearby items.


Message History

The freezing wraith is moderately damaged.
The freezing wraith hits you but does no damage. x2
Unknown command.
Unknown command.
Evoke which item? (* to show all) (? for menu, Esc to quit)
Aiming: Corrosive Bolt
Press: ? - help, Shift-Dir - straight line, f/p - freezing wraith
Aim: a freezing wraith (moderately damaged)
The bolt of acid hits the freezing wraith!!
The freezing wraith is splashed with acid.
The freezing wraith is almost destroyed.
The freezing wraith hits you!
* * * LOW HITPOINT WARNING * * *
The freezing wraith freezes you!!
* * * LOW HITPOINT WARNING * * *
The freezing wraith hits you but does no damage.
The freezing wraith hits you.
* * * LOW HITPOINT WARNING * * *
The freezing wraith freezes you!!
You die...

≈≈≈≈≈≈≈≈≈≈≈≈≈≈≈≈≈≈≈≈≈≈≈≈≈≈≈≈≈≈≈≈≈
≈≈≈≈≈≈≈≈≈≈≈≈≈≈≈≈≈≈≈....≈≈≈≈≈≈≈≈≈≈
≈≈≈≈≈≈≈≈≈≈≈≈≈≈≈≈≈..........≈≈≈≈≈≈
≈≈≈≈≈≈≈≈≈≈≈≈≈≈≈≈≈............≈≈≈≈
≈≈≈≈≈≈≈≈≈≈≈≈≈≈≈...............≈≈≈
≈≈≈≈≈≈≈≈≈≈≈........###'###....≈≈≈
≈≈≈≈≈≈≈≈≈≈≈........# #W# #....≈≈≈
≈≈≈≈≈≈≈≈≈≈≈≈.....W.#*#W#*#....≈≈≈
≈≈≈≈≈≈≈≈≈≈≈≈....@..#,...,#....≈≈.
≈≈≈≈≈≈≈≈≈≈≈........#,...,#....≈≈≈
≈≈≈≈≈≈≈≈≈≈.........#*...*#....≈≈≈
≈≈≈≈≈≈≈≈≈≈≈.........##∩##........
≈≈≈≈≈≈≈≈≈≈≈≈........≈#**≈≈.......
≈≈≈≈≈≈≈≈≈≈≈≈........≈≈≈,,,,,,≈...
≈≈≈≈≈≈≈≈≈≈≈≈.....≈≈≈≈[=.,,,,,,≈..
≈≈≈≈≈≈≈≈≈≈≈≈.....≈≈≈....,,,,,,,≈.
≈≈≈≈≈≈≈≈≈≈≈≈,,,,,≈≈≈,,,,,,,,,,≈≈,


You could see a freezing wraith.

Vanquished Creatures
  Arachne (Spider:2)
  Agnes (D:15)
  Gastronok (D:11)
  Kirke (D:13)
  A fire giant (D:12)
  Louise (D:15)
  An ironheart preserver (D:14)
  A caustic shrike zombie (D:15)
  2 fire dragons
  A yaktaur captain (D:12)
  A rakshasa (D:13)
  Erolcha (D:11)
  3 centaur warriors
  6 hydras
  2 catoblepae
  An ogre mage (D:15)
  2 death yaks (Lair:5)
  6 orc high priests (Orc:2)
  7 two-headed ogres
  Sonja (Orc:2)
  3 skeletal warriors
  A swamp dragon (Lair:6)
  4 unseen horrors
  A sea snake (Shoals:1)
  A lindwurm (Volcano)
  A flayed ghost (D:15)
  18 orb spiders
  9 orc knights
  2 deep elf magi
  A necromancer (D:15)
  27 wolf spiders
  3 manticores
  6 cyclopes
  3 ugly things
  A moth of wrath (Spider:4)
  8 black mambas
  A guardian serpent (shapeshifter) (D:15)
  A guardian serpent (Lair:6)
  2 elephants (Lair:5)
  A water nymph (Shoals:1)
  A torpor snail (Spider:2)
  A gargoyle (D:10)
  A rime drake (Lair:6)
  15 spiny frogs
  3 komodo dragons
  2 yaktaurs (D:15)
  3 kobold demonologists
  9 demonic crawlers
  2 tengu conjurers (D:15)
  4 trolls
  A freezing wraith (Shoals:1)
  7 hornets
  A merfolk (Shoals:1)
  3 meliai (Lair:5)
  30 jumping spiders
  A polar bear (Lair:3)
  Prince Ribbit (D:7)
  A slime creature (D:14)
  18 blink frogs
  A deep troll zombie (D:15)
  A snapping turtle (Lair:4)
  10 hippogriffs
  A meliai zombie (D:13)
  A shadow (D:13)
  A vampire (D:11)
  24 tarantellas
  47 redbacks
  16 wyverns
  A hungry ghost (D:15)
  A human (shapeshifter) (D:14)
  6 basilisks
  6 fire bats (Volcano)
  A wraith (D:11)
  46 yaks
  3 hogs (D:13)
  A redback simulacrum (D:14)
  3 steam dragons
  A human zombie (D:15)
  2 wargs (Orc:2)
  2 hell hounds (Volcano)
  3 acid dragons
  9 water moccasins
  12 porcupines
  3 ice beasts
  37 orc warriors
  A swamp drake (Lair:6)
  9 sky beasts
  An eye of draining (D:13)
  4 black bears
  3 phantoms
  A necrophage (D:6)
  9 ogres
  4 wolves (Lair:1)
  14 centaurs
  14 crocodiles
  6 big kobolds
  A yaktaur zombie (D:15)
  15 bullfrogs
  2 scorpions
  39 killer bees
  3 electric eels
  10 wights
  5 howler monkeys
  A nameless horror (D:8)
  6 crimson imps
  5 centaur zombies
  2 bullfrog zombies
  8 lava snakes (Volcano)
  28 orc priests
  3 centaur skeletons
  Crazy Yiuf (D:2)
  8 hounds
  4 jellies
  4 bullfrog skeletons
  5 iguanas
  12 orc wizards
  10 worker ants
  7 hell rats (Lair:6)
  A hound skeleton (D:6)
  Robin (D:2)
  4 gnolls (D:3)
  A howler monkey skeleton (D:8)
  2 worker ant zombies
  12 adders
  7 shadow imps
  An ooze (D:5)
  An adder zombie (D:9)
  An adder skeleton (D:7)
  7 worms
  2 dart slugs
  4 leopard geckos
  90 orcs
  2 ball pythons
  7 giant cockroaches
  15 goblins
  14 hobgoblins
  8 jackals (D:3)
  7 quokkas
  5 bats
  11 frilled lizards
  A jackal skeleton (D:4)
  24 kobolds
  2 leopard gecko skeletons (D:4)
  6 rats
  4 plants (Lair:6)
963 creatures vanquished.

Vanquished Creatures (collateral kills)
  Snorg (D:12)
  Harold (D:10)
  2 hydras (D:12)
  Erica (D:10)
  2 death yaks (Lair:5)
  Urug (D:10)
  An ugly thing (D:11)
  2 elephants (Lair:5)
  Psyche (D:9)
  A komodo dragon (Lair:3)
  Maggie (D:9)
  A demonic crawler (Spider:1)
  A queen bee (Lair:5)
  A hornet (Spider:4)
  A slime creature (D:12)
  A spectral tarantella (Spider:4)
  3 hippogriffs
  A hungry ghost (D:9)
  A wraith (D:12)
  3 hogs (D:8)
  A human (D:8)
  5 yaks
  2 water moccasins (Lair:5)
  2 ice beasts (D:9)
  A black bear (D:8)
  An ogre (D:8)
  A wyvern skeleton (D:9)
  3 killer bees (Lair:5)
  2 wights (D:6)
  2 orc priests
  An orc wizard (D:6)
  An orc (D:8)
  A kobold (D:9)
50 creatures vanquished.

Vanquished Creatures (others)
  An unseen horror (D:13)
  2 kobolds (D:9)
  A bush (Lair:6)
  28 fungi
  38 plants
  7 withered plants (D:15)
77 creatures vanquished.

Grand Total: 1090 creatures vanquished

Notes
Turn   | Place    | Note
-------+----------+-------------------------------------------
     0 | D:1      | gruber the Gnoll Ice Elementalist began the quest for the
                  | Orb.
     0 | D:1      | Reached XP level 1. HP: 13/13 MP: 6/6
   282 | D:1      | Reached XP level 2. HP: 19/19 MP: 7/7
   685 | D:1      | Reached XP level 3. HP: 15/25 MP: 9/9
   690 | D:1      | Learned a level 3 spell: Frozen Ramparts
   881 | D:1      | Reached skill level 5 in Spellcasting
  1222 | D:2      | Noticed Robin
  1230 | D:2      | Killed Robin
  1230 | D:2      | Reached skill level 1 in Invocations
  1252 | D:2      | Reached skill level 1 in Fighting
  1252 | D:2      | Reached skill level 1 in Short Blades
  1252 | D:2      | Reached skill level 1 in Long Blades
  1252 | D:2      | Reached skill level 1 in Axes
  1252 | D:2      | Reached skill level 1 in Maces & Flails
  1252 | D:2      | Reached skill level 1 in Polearms
  1252 | D:2      | Reached skill level 1 in Staves
  1252 | D:2      | Reached skill level 1 in Slings
  1252 | D:2      | Reached skill level 1 in Bows
  1252 | D:2      | Reached skill level 1 in Crossbows
  1252 | D:2      | Reached skill level 1 in Throwing
  1252 | D:2      | Reached skill level 1 in Armour
  1252 | D:2      | Reached skill level 1 in Shields
  1252 | D:2      | Reached skill level 1 in Unarmed Combat
  1252 | D:2      | Reached skill level 1 in Evocations
  1363 | D:2      | Reached XP level 4. HP: 26/32 MP: 7/11
  2025 | D:2      | Learned a level 2 spell: Blink
  2272 | D:2      | Found a runed translucent door.
  2273 | D:2      | Noticed Crazy Yiuf
  2280 | D:2      | Killed Crazy Yiuf
  2280 | D:2      | Reached skill level 1 in Conjurations
  2280 | D:2      | Reached skill level 1 in Hexes
  2280 | D:2      | Reached skill level 1 in Charms
  2280 | D:2      | Reached skill level 1 in Summonings
  2280 | D:2      | Reached skill level 1 in Necromancy
  2280 | D:2      | Reached skill level 1 in Translocations
  2280 | D:2      | Reached skill level 1 in Transmutations
  2280 | D:2      | Reached skill level 1 in Fire Magic
  2280 | D:2      | Reached skill level 1 in Air Magic
  2280 | D:2      | Reached skill level 1 in Earth Magic
  2280 | D:2      | Reached skill level 1 in Poison Magic
  2693 | D:3      | Reached XP level 5. HP: 36/37 MP: 8/12
  2958 | D:3      | Noticed a phantom
  2967 | D:3      | Killed a phantom
  2967 | D:3      | Reached XP level 6. HP: 44/44 MP: 9/13
  3302 | D:3      | Found a transporter.
  3320 | D:3      | Found a transporter.
  3426 | D:3      | Reached skill level 5 in Dodging
  3854 | D:4      | Reached XP level 7. HP: 50/50 MP: 12/15
  4470 | D:5      | Entered Level 5 of the Dungeon
  4561 | D:5      | Found a burning altar of Makhleb.
  4592 | D:5      | Reached skill level 5 in Stealth
  4781 | D:5      | Reached XP level 8. HP: 57/57 MP: 16/16
  5638 | D:6      | Learned a level 4 spell: Summon Ice Beast
  6186 | D:6      | Reached XP level 9. HP: 64/64 MP: 14/18
  6410 | D:6      | Found a shimmering blue altar of Sif Muna.
  6782 | D:6      | Found Xykolumm's Jewellery Boutique.
  6913 | D:7      | Found a staircase to the Ecumenical Temple.
  7004 | Temple   | Entered the Ecumenical Temple
  7085 | Temple   | Became a worshipper of Vehumet
  7165 | D:7      | Found a transporter.
  7191 | D:7      | Noticed MajorAdolf's ghost (novice NaWn)
  7288 | D:7      | Found a transporter.
  7443 | D:7      | Noticed Prince Ribbit
  7457 | D:7      | Killed Prince Ribbit
  7724 | D:8      | Reached * piety under Vehumet
  7724 | D:8      | Offered knowledge of Sandblast by Vehumet.
  7724 | D:8      | Reached skill level 5 in Invocations
  8087 | D:8      | Reached XP level 10. HP: 63/72 MP: 20/20
  8094 | D:8      | Noticed a two-headed ogre
  8113 | D:8      | Killed a two-headed ogre
  8221 | D:8      | Reached skill level 5 in Fighting
  8221 | D:8      | Reached skill level 5 in Short Blades
  8221 | D:8      | Reached skill level 5 in Long Blades
  8221 | D:8      | Reached skill level 5 in Axes
  8221 | D:8      | Reached skill level 5 in Maces & Flails
  8221 | D:8      | Reached skill level 5 in Polearms
  8221 | D:8      | Reached skill level 5 in Staves
  8221 | D:8      | Reached skill level 5 in Slings
  8221 | D:8      | Reached skill level 5 in Bows
  8221 | D:8      | Reached skill level 5 in Crossbows
  8221 | D:8      | Reached skill level 5 in Throwing
  8221 | D:8      | Reached skill level 5 in Armour
  8221 | D:8      | Reached skill level 5 in Shields
  8221 | D:8      | Reached skill level 5 in Unarmed Combat
  8221 | D:8      | Reached skill level 5 in Evocations
  8424 | D:8      | Found a hazy altar of Hepliaklqana.
  8727 | D:9      | Noticed Maggie
  8857 | D:9      | Noticed Psyche
  8871 | D:9      | Killed Psyche
  8954 | D:9      | Reached ** piety under Vehumet
  8962 | D:9      | Offered knowledge of Foxfire by Vehumet.
  9002 | D:9      | Found an ornate altar of the Wu Jian Council.
  9002 | D:9      | Found a snail-covered altar of Cheibriados.
  9007 | D:9      | Found an ancient bone altar of Kikubaaqudgha.
  9079 | D:9      | Found a white marble altar of Elyvilon.
  9081 | D:9      | Found a faded altar of an unknown god.
  9550 | D:9      | Killed Maggie
  9550 | D:9      | Reached XP level 11. HP: 80/80 MP: 9/22
  9564 | D:9      | Found a staircase to the Orcish Mines.
 10035 | D:10     | Entered Level 10 of the Dungeon
 10165 | D:10     | Noticed Erica
 10177 | D:10     | Killed Erica
 10291 | D:10     | Offered knowledge of Stone Arrow by Vehumet.
 10314 | D:10     | Reached skill level 5 in Conjurations
 10314 | D:10     | Reached skill level 5 in Hexes
 10314 | D:10     | Reached skill level 5 in Charms
 10314 | D:10     | Reached skill level 5 in Summonings
 10314 | D:10     | Reached skill level 5 in Necromancy
 10314 | D:10     | Reached skill level 5 in Translocations
 10314 | D:10     | Reached skill level 5 in Transmutations
 10314 | D:10     | Reached skill level 5 in Fire Magic
 10314 | D:10     | Reached skill level 5 in Air Magic
 10314 | D:10     | Reached skill level 5 in Earth Magic
 10314 | D:10     | Reached skill level 5 in Poison Magic
 10451 | D:10     | Learned a level 3 spell: Mephitic Cloud
 10455 | D:10     | Learned a level 3 spell: Stone Arrow
 10708 | D:10     | Noticed Urug
 10728 | D:10     | Noticed a red ugly thing
 10734 | D:10     | Killed Urug
 10744 | D:10     | Killed a red ugly thing
 10748 | D:10     | Reached *** piety under Vehumet
 10799 | D:10     | Noticed Harold
 10888 | D:10     | Killed Harold
 11368 | D:10     | Offered knowledge of Sticky Flame by Vehumet.
 11401 | D:10     | Found a roughly hewn altar of Beogh.
 11957 | D:11     | Found a staircase to the Lair.
 12148 | D:11     | Noticed Erolcha
 12157 | D:11     | Killed Erolcha
 12157 | D:11     | Reached XP level 12. HP: 88/88 MP: 20/24
 13335 | D:11     | Reached **** piety under Vehumet
 13828 | D:12     | Noticed a fire giant
 13828 | D:12     | Noticed a yaktaur captain
 13901 | D:12     | Noticed Gastronok
 13911 | D:11     | Killed Gastronok
 14048 | D:12     | Noticed a four-headed hydra
 14063 | D:12     | Offered knowledge of Fireball by Vehumet.
 14067 | D:12     | Killed a four-headed hydra
 14267 | D:12     | Noticed a six-headed hydra
 14275 | D:12     | Killed a six-headed hydra
 14356 | D:12     | Noticed a seven-headed hydra
 14364 | D:12     | Killed a seven-headed hydra
 14518 | D:12     | Reached XP level 13. HP: 97/97 MP: 26/26
 14527 | D:12     | Found a glowing golden altar of the Shining One.
 14527 | D:12     | Noticed an angel
 14539 | D:12     | Found a runed translucent door.
 14974 | D:12     | Noticed Snorg
 14985 | D:12     | Killed Snorg
 15202 | D:12     | Reached XP level 14. HP: 38/104 MP: 20/27
 15587 | Lair:1   | Entered Level 1 of the Lair of Beasts
 16387 | Lair:2   | Reached skill level 10 in Ice Magic
 16674 | Lair:2   | Found a sparkling altar of Nemelex Xobeh.
 17656 | Lair:3   | Reached ***** piety under Vehumet
 17775 | Lair:3   | Offered knowledge of Spellforged Servitor by Vehumet.
 18613 | Lair:4   | Found a hole to the Spider Nest.
 18632 | Lair:4   | Reached skill level 10 in Spellcasting
 19497 | Lair:4   | Found a staircase to the Shoals.
 19910 | Lair:5   | Reached skill level 10 in Dodging
 20406 | Lair:5   | Offered knowledge of Freezing Cloud by Vehumet.
 20515 | Lair:5   | Reached skill level 10 in Stealth
 20875 | Lair:5   | Found a viscous altar of Jiyva.
 20876 | Lair:5   | Found a staircase to the Slime Pits.
 21075 | Lair:5   | Got a pair of smoking gloves
 21086 | Lair:5   | Identified the +1 pair of gloves of Uqukhics {rElec rPois
                  | MR-} (You found it on level 5 of the Lair of Beasts)
 21436 | Lair:6   | Entered Level 6 of the Lair of Beasts
 21506 | Lair:6   | Reached skill level 10 in Invocations
 21745 | Lair:6   | Reached XP level 15. HP: 112/112 MP: 26/29
 21777 | Lair:6   | Learned a level 6 spell: Freezing Cloud
 22147 | Lair:6   | Got a glimmering hat
 22158 | Lair:6   | Identified the +1 hat of Ethics {Slay+2} (You found it on
                  | level 6 of the Lair of Beasts)
 24253 | Orc:1    | Entered Level 1 of the Orcish Mines
 24258 | Orc:1    | Offered knowledge of Lightning Bolt by Vehumet.
 24524 | Orc:2    | Entered Level 2 of the Orcish Mines
 24524 | Orc:2    | Noticed Sonja
 24530 | Orc:2    | Killed Sonja
 24804 | Orc:2    | Found a dark tunnel.
 24820 | Volcano  | Entered a volcano
 25155 | Volcano  | Found a radiant altar of Vehumet.
 25174 | Volcano  | Reached skill level 10 in Fighting
 25174 | Volcano  | Reached skill level 10 in Short Blades
 25174 | Volcano  | Reached skill level 10 in Long Blades
 25174 | Volcano  | Reached skill level 10 in Axes
 25174 | Volcano  | Reached skill level 10 in Maces & Flails
 25174 | Volcano  | Reached skill level 10 in Polearms
 25174 | Volcano  | Reached skill level 10 in Staves
 25174 | Volcano  | Reached skill level 10 in Slings
 25174 | Volcano  | Reached skill level 10 in Bows
 25174 | Volcano  | Reached skill level 10 in Crossbows
 25174 | Volcano  | Reached skill level 10 in Throwing
 25174 | Volcano  | Reached skill level 10 in Armour
 25174 | Volcano  | Reached skill level 10 in Shields
 25174 | Volcano  | Reached skill level 10 in Unarmed Combat
 25174 | Volcano  | Reached skill level 10 in Evocations
 25174 | Volcano  | Reached XP level 16. HP: 121/121 MP: 29/31
 25438 | Orc:2    | Found a staircase to the Elven Halls.
 25810 | Orc:2    | Offered knowledge of Orb of Destruction by Vehumet.
 26489 | Orc:2    | Found Zoipluc's General Store.
 26492 | Orc:2    | Found Puciva's Book Shoppe.
 26499 | Orc:2    | Found Kaeky's Armour Emporium.
 26500 | Orc:2    | Found Duclokhla's Magic Scroll Shoppe.
 26783 | Orc:1    | Found Gezotutoni's Antique Weapon Boutique.
 26793 | Orc:1    | Bought a masterwork long sword for 178 gold pieces
 26939 | Orc:2    | Bought a scroll of identify for 24 gold pieces
 26939 | Orc:2    | Bought a scroll of identify for 24 gold pieces
 26939 | Orc:2    | Identified the +11 long sword of the Dripping Firefly
                  | {drain, rElec MR- Dex+6} (You bought it in a shop on level
                  | 1 of the Orcish Mines)
 27559 | D:13     | Noticed Kirke
 27567 | D:13     | Killed Kirke
 27734 | D:13     | Reached XP level 17. HP: 77/128 MP: 22/32
 28764 | D:14     | Offered knowledge of Iron Shot by Vehumet.
 28776 | D:14     | Learned a level 6 spell: Iron Shot
 29113 | D:14     | Found a gate to the Vaults.
 29712 | D:15     | Entered Level 15 of the Dungeon
 30440 | D:15     | Found a shimmering altar of Xom.
 30500 | D:15     | Noticed Louise
 30509 | D:15     | Killed Louise
 31015 | D:15     | Found a staircase to the Depths.
 31462 | Lair:5   | Got a jewelled long sword
 31463 | Lair:5   | Identified the +6 long sword of Woe {pain, rPois} (You
                  | found it on level 5 of the Lair of Beasts)
 31761 | D:15     | Noticed Agnes
 31770 | D:15     | Killed Agnes
 32415 | D:6      | Bought an uncursed ring of protection from magic for 275
                  | gold pieces
 32692 | Spider:1 | Entered Level 1 of the Spider Nest
 33826 | Spider:2 | Offered knowledge of Bolt of Magma by Vehumet.
 34366 | Spider:2 | Reached XP level 18. HP: 93/137 MP: 28/34
 34845 | Spider:2 | Noticed Arachne
 34857 | Spider:2 | Killed Arachne
 37030 | Spider:4 | Entered Level 4 of the Spider Nest
 37221 | Spider:4 | Offered knowledge of Conjure Ball Lightning by Vehumet.
 37439 | Spider:4 | Identified a scroll of acquirement
 37441 | Spider:4 | Acquired the +0 pair of gloves of Haunted Miracles {+Fly
                  | rN+ Int-2 Slay+2}
 37699 | Shoals:1 | Entered Level 1 of the Shoals
 37754 | Shoals:1 | Found a frozen archway.
 37781 | Shoals:1 | HP: 6/138 [freezing wraith (5)]
 37781 | Shoals:1 | Demolished by a freezing wraith

Illustrated notes

Levels and vault maps discovered:
D:1:      dpeg_arrival_long_road, layout_basic, minmay_indecisive_spiral
D:2:      layout_basic, first_ration, minmay_misc_feat_plants, uniq_robin,
          uniq_crazy_yiuf_cottage
D:3:      gammafunk_wand_slinger, layout_basic
D:4:      layout_rooms, minmay_ruptured
D:5:      layout_basic, bloody_makhleb
D:6:      layout_basic, led_sif_pool, serial_shops, nicolae_shop_trees
D:7:      layout_loops_cross, temple_pool_b, gammafunk_ghost_stat_death,
          uniq_prince_ribbit1
D:8:      layout_loops_cross, old_standard_altar, grunt_livestock
D:9:      layout_small_grid, chequers_temple_overflow_minitemple, orc_0_dummy,
          uniq_maggie, uniq_psyche
D:10:     layout_layer_cave, special_room [special_room_orc], uniq_erica,
          uniq_urug, uniq_harold
D:11:     layout_stronghold, minmay_lair_entry_grove,
          chequers_serial_rivers_micro_b, uniq_erolcha
D:12:     minmay_diamond_stairs, layout_irregular_city, lemuel_angel_altar,
          uniq_gastronok, uniq_snorg
D:13:     layout_irregular_city, uniq_kirke
D:14:     layout_small_grid, skrybe_vaults_entry_preservation,
          hangedman_decor_growths, kennysheep_generic_room_2
D:15:     gammafunk_depths_entry_grave, layout_stronghold, basic_altar,
          uniq_louise, uniq_agnes
Temple:   eino_temple_rhombus
Lair:1:   layout_roguey
Lair:2:   layout_regular_city, serial_rivers, chequers_serial_rivers_micro_c,
          chequers_serial_rivers_large_a, chequers_serial_rivers_micro_b,
          chequers_serial_rivers_small_3, chequers_serial_rivers_room_a,
          basic_altar, chequers_serial_rivers_room_a
Lair:3:   layout_gridlike
Lair:4:   layout_loops_ring, minmay_shoals_entry_hut,
          nicolae_spider_entry_non_spiders
Lair:5:   layout_cave_pods, dpeg_slime_entry_enclosed_altar, special_room
          [special_room_bee], minmay_hedge_maze, minmay_lair_oklob_chamber
Lair:6:   hangedman_lair_tendril_chambers, layout_long_grid,
          guppyfry_lair_end_dragon, wad_woods_road_05
Shoals:1: layout_shoals, portal_ice_cave_entry_frozen_things, uniq_aizul
Spider:1: layout_spider_delve
Spider:2: layout_spider_delve, hangedman_spider_tarantella_strand, uniq_arachne
Spider:3: layout_spider_delve
Spider:4: floodkiller_spider_rune_tomb, nicolae_spider_webbed_stairs
Orc:1:    layout_caves, serial_shops, nicolae_shop_crystal
Orc:2:    st_orc_pillars, layout_diamond_mine, lightli_volcano_entry_magma_tube,
          nicolae_orc_pool_cavern, uniq_sonja

Skill      XL: |  1  2  3  4  5  6  7  8  9 10 11 12 13 14 15 16 17 18 |
---------------+-------------------------------------------------------+-----
Spellcasting   | 5 6 7 8 9 10 11 12 | 12.4
Invocations    | 1 2 3 4 5 6 7 8 9 10 11 12 | 12.4
Fighting       | 1 2 3 4 5 6 8 9 10 11 | 11.5
Short Blades   | 1 2 3 4 5 6 8 9 10 11 | 11.5
Long Blades    | 1 2 3 4 5 6 8 9 10 11 | 11.5
Axes           | 1 2 3 4 5 6 8 9 10 11 | 11.5
Maces & Flails | 1 2 3 4 5 6 8 9 10 11 | 11.5
Polearms       | 1 2 3 4 5 6 8 9 10 11 | 11.5
Staves         | 1 2 3 4 5 6 8 9 10 11 | 11.5
Slings         | 1 2 3 4 5 6 8 9 10 11 | 11.5
Bows           | 1 2 3 4 5 6 8 9 10 11 | 11.5
Crossbows      | 1 2 3 4 5 6 8 9 10 11 | 11.5
Throwing       | 1 2 3 4 5 6 8 9 10 11 | 11.5
Armour         | 1 2 3 4 5 6 8 9 10 11 | 11.5
Shields        | 1 2 3 4 5 6 8 9 10 11 | 11.5
Unarmed Combat | 1 2 3 4 5 6 8 9 10 11 | 11.5
Evocations     | 1 2 3 4 5 6 8 9 10 11 | 11.5
Conjurations   | 1 2 3 4 5 6 7 8 9 |  9.8
Hexes          | 1 2 3 4 5 6 7 8 9 |  9.8
Charms         | 1 2 3 4 5 6 7 8 9 |  9.8
Summonings     | 1 2 3 4 5 6 7 8 9 |  9.8
Necromancy     | 1 2 3 4 5 6 7 8 9 |  9.8
Translocations | 1 2 3 4 5 6 7 8 9 |  9.8
Transmutations | 1 2 3 4 5 6 7 8 9 |  9.8
Fire Magic     | 1 2 3 4 5 6 7 8 9 |  9.8
Air Magic      | 1 2 3 4 5 6 7 8 9 |  9.8
Earth Magic    | 1 2 3 4 5 6 7 8 9 |  9.8
Poison Magic   | 1 2 3 4 5 6 7 8 9 |  9.8
Dodging        | 5 6 7 8 9 10 11 12 | 12.3
Stealth        | 5 6 7 8 9 10 11 12 | 12.2
Ice Magic      | 8 9 10 11 | 11.9

Action                   |  1- 3 |  4- 6 |  7- 9 | 10-12 | 13-15 | 16-18 || total
-------------------------+-------+-------+-------+-------+-------+-------++-------
Melee: Short sword       |    89 |       |       |       |       |       ||    89
       Bite              |    11 |       |       |       |       |     5 ||    16
       Unarmed           |     1 |       |       |       |       |       ||     1
       Scimitar          |       |       |       |     3 |       |       ||     3
       Hunting sling     |       |       |       |     3 |       |       ||     3
       Long sword        |       |       |       |       |       |    19 ||    19
 Fire: Hunting sling     |     6 |   173 |   341 |   615 |   901 |       ||  2036
       Fustibalus        |       |       |       |       |       |  1261 ||  1261
 Cast: Freeze            |     9 |       |       |    15 |     6 |       ||    30
       Frozen Ramparts   |     3 |     9 |    19 |    48 |    69 |    81 ||   229
       Summon Ice Beast  |       |       |     8 |    47 |    23 |    21 ||    99
       Blink             |       |       |     1 |       |       |     1 ||     2
       Stone Arrow       |       |       |       |    25 |   112 |   125 ||   262
       Mephitic Cloud    |       |       |       |     3 |     2 |       ||     5
       Freezing Cloud    |       |       |       |       |    26 |    67 ||    93
       Iron Shot         |       |       |       |       |       |    25 ||    25
 Abil: Evoke Flight      |       |       |       |       |       |     1 ||     1
Evoke: Wand              |       |       |       |     2 |     2 |     5 ||     9
  Use: Scroll            |       |       |       |     8 |    11 |    15 ||    34
       Potion            |       |       |       |     1 |     1 |     1 ||     3
 Stab: Sleeping          |     4 |       |       |       |       |       ||     4
       Confused          |       |       |       |     1 |       |       ||     1
  Eat: Chunk             |     2 |     8 |    11 |    16 |    33 |    46 ||   116
       Ration            |       |       |     1 |     2 |     2 |     6 ||    11
Armor: Robe              |    13 |     7 |    14 |    59 |    66 |   131 ||   290
Dodge: Dodged            |    54 |    42 |    93 |   143 |   236 |   487 ||  1055
Block: Buckler           |       |     2 |    30 |    58 |    80 |   173 ||   343
       Rpst.: Long sword |       |       |       |       |       |     5 ||     5
